 Dungeon Sprint DCSS version 0.19-a0-1384-gbb462ca (webtiles) character file.

13176 poirepourri the Slayer (level 11, -11/88 HPs)
             Began as a Minotaur Fighter on Sept 3, 2016.
             Was the Champion of Qazlal.
             Mangled by a golden dragon (35 damage)
             ... in the Dungeon (Sprint I: "Red Sonja").
             The game lasted 00:10:48 (3517 turns).

poirepourri the Slayer (Minotaur Fighter)           Turns: 3517, Time: 00:10:49

Health: -11/88     AC:  9    Str: 22    XL:     11   Next: 72%
Magic:  11/11      EV: 16    Int:  3    God:    Qazlal [******]
Gold:   983        SH: 17    Dex: 12    Spells: 0 memorised, 10 levels left

rFire  + . .     SeeInvis .     a - +0 war axe
rCold  . . .     Gourm    .     n - +4 ring mail {MR+}
rNeg   . . .     Faith    .     c - +0 shield
rPois  .         Spirit   .     g - +0 hat
rElec  .         Dismiss  .     o - +0 cloak
rCorr  .         Reflect  .     k - +0 pair of gloves
MR     +....     Harm     .     (no boots)
Stlth  .......... Rnd*Rage +    (no amulet) NoTele +
                                (no ring)
                                (no ring)

@: protected from fire, repel missiles
A: retaliatory headbutt, horns 2, berserk 3, blurry vision 3, deformed body,
dopey 1, frail 3, screaming 3, subdued magic 1, MP-powered wands
a: Upheaval, Elemental Force, Disaster Area, Renounce Religion


You were in the Dungeon.
You worshipped Qazlal.
Qazlal was exalted by your worship.
You were hungry.

You visited 1 branch You collected 1680 gold pieces.
You spent 697 gold pieces at shops.

Inventory:

Hand Weapons
 a - a +0 war axe (weapon)
 b - a +0 blowgun
Missiles
 f - 7 curare-tipped needles
 m - 45 stones (quivered)
 p - a throwing net
Armour
 c - a +0 shield (worn)
 d - a +0 scale mail
 g - a +0 hat (worn)
 k - a +0 pair of gloves (worn)
 n - a +4 ring mail of magic resistance (worn)
 o - a +0 cloak (worn)
Wands
 j - a wand of iceblast (0/15)
Potions
 e - 2 potions of curing
 q - a potion of mutation
Books
 l - a book of Burglary

   Spells                             Type                      Level
   a - Swiftness                      Charms/Air                   2
   b - Passwall                       Transmutation/Earth          2
   c - Passage of Golubria            Translocation                4
   d - Lee's Rapid Deconstruction     Earth                        5
   e - Darkness                       Hexes                        6
   f - Invisibility                   Hexes                        6


   Skills:
 + Level 21.6 Fighting
 + Level 20.1 Axes
 - Level 3.6 Armour
 + Level 13.1 Dodging
 - Level 3.6 Shields
 + Level 2.6 Invocations
 + Level 0.8 Evocations


You had 10 spell levels left.
You didn't know any spells.

Dungeon Overview and Level Annotations

Branches:
Dungeon (1/1)

Altars:
Cheibriados
Dithmenos
Elyvilon
Fedhas
Gozag
Hepliaklqana
Kikubaaqudgha
Makhleb
Nemelex Xobeh
Okawaru
Qazlal
Ru
Sif Muna
Trog
Uskayaw
Vehumet
Xom
Yredelemnul
Zin
The Shining One
Jiyva
Lugonu

Shops:
D [!?*[?[

Annotations:
D exclusion: oklob plant


Innate Abilities, Weirdness & Mutations

You reflexively headbutt those who attack you in melee.
You have a pair of horns on your head.
You have an uncontrollable temper.
Scrolls take you much longer to read.
Armour fits poorly on your strangely shaped body.
You are dopey. (Int -2)
You are extremely frail. (-30% HP)
You frequently scream uncontrollably at your foes.
Your spells are a little easier to cast, but a little less powerful.
You expend magic power (3 MP) to strengthen your wands.


Message History

* * * LOW HITPOINT WARNING * * *
Your resistance to fire fades away.
You feel protected from physical attacks.
You stumble backwards!
You feel better.
You are engulfed in a cloud of scalding steam.
Your resistance to physical damage fades away.
You feel protected from fire.
The shadow dragon is engulfed in freezing vapours.
You block the golden dragon's attack.
The golden dragon completely misses you.
The golden dragon tramples you but does no damage.
You slash the golden dragon!
You headbutt the golden dragon, but do no damage.
The golden dragon is lightly wounded.
Unknown command.
You slash the golden dragon!
The golden dragon is moderately wounded.
The golden dragon bites you!!
You die...

##################**********
§§.§§.'§§#^^§§§.§#,,,,,,,,,*
§§§§.##..'§^#§§§§##,,,,,,,,*
#§.§#######)#§§§§§#****,,,,*
###+#,,,*#.)#§§§§§#,,,*,,,,*
*,*,**,,,#..##§§§§#,∩,*,,,,*
***,,***,#..≈###@##,,,*,,,,*
,,**,*,*,#..≈))#D#*##+#,,,,*
,,*,,***,#..≈.##D#§...#*,,,*
+**,**,,,#..≈##§§§§§§.§**,,*
***,,*+**#..≈#.§§§.§.§§,*,,*
,***,,,*,≈..##.§.§^§..§,**,*
,*,***,*,≈..#§.§§..§.§§.,*,*
,,,,,*,*##..#..§§.}§....,*,*
,,,,,*,*,',,##^.§§......**,*


You could see a shadow dragon and a golden dragon.

Vanquished Creatures
  A deep elf annihilator (D)
  A hydra (D)
  2 centaur warriors (D)
  Sonja (D)
  A lindwurm (D)
  A deep troll (D)
  8 shining eyes (D)
  A gargoyle (D)
  2 sirens (D)
  4 demonic crawlers (D)
  2 kobold demonologists (D)
  A hellwing (D)
  A slime creature (D)
  Sigmund (D)
  A yak (D)
  13 hogs (D)
  6 giant eyeballs (D)
  A wasp (D)
  An ogre (D)
  A jelly (D)
  Ijyb (D)
  3 ballistomycetes (D)
54 creatures vanquished.

Vanquished Creatures (others)
  A gargoyle (D)
  4 wasps (D)
  2 giant spores (D)
7 creatures vanquished.

Grand Total: 61 creatures vanquished

Notes
Turn   | Place    | Note
-------+----------+-------------------------------------------
     0 | D        | poirepourri the Minotaur Fighter began the quest for the Orb.
     0 | D        | Reached XP level 1. HP: 19/19 MP: 0/0
     2 | D        | Noticed Ijyb
    17 | D        | Killed Ijyb
    17 | D        | Reached skill level 6 in Fighting
    17 | D        | Reached XP level 2. HP: 28/31 MP: 1/1
    49 | D        | Noticed an ogre
    54 | D        | Killed an ogre
    54 | D        | Reached skill level 9 in Fighting
    54 | D        | Reached skill level 1 in Dodging
    54 | D        | Reached XP level 3. HP: 34/44 MP: 2/2
    54 | D        | Reached XP level 4. HP: 39/50 MP: 3/3
   135 | D        | Noticed Sigmund
   139 | D        | Killed Sigmund
   139 | D        | Reached skill level 12 in Fighting
   139 | D        | Reached XP level 5. HP: 62/62 MP: 4/4
   155 | D        | Found a burning altar of Makhleb.
   155 | D        | Found a viscous altar of Jiyva.
   155 | D        | Found a shimmering altar of Xom.
   155 | D        | Found a corrupted altar of Lugonu.
   155 | D        | Noticed a slime creature
   164 | D        | Killed a slime creature
   164 | D        | Reached skill level 13 in Fighting
   164 | D        | Reached XP level 6. HP: 70/73 MP: 5/5
   175 | D        | Found a deep blue altar of Sif Muna.
   177 | D        | Found a radiant altar of Vehumet.
   180 | D        | Reached skill level 14 in Fighting
   221 | D        | Found Icry's Assorted Antiques.
   221 | D        | Found an ancient bone altar of Kikubaaqudgha.
   221 | D        | Found a hazy altar of Hepliaklqana.
   221 | D        | Found a stormy altar of Qazlal.
   221 | D        | Found a hide-covered altar of Uskayaw.
   221 | D        | Found a blossoming altar of Fedhas.
   221 | D        | Found a bloodstained altar of Trog.
   221 | D        | Found an iron altar of Okawaru.
   221 | D        | Found a basalt altar of Yredelemnul.
   221 | D        | Found a glowing golden altar of the Shining One.
   221 | D        | Found a snail-covered altar of Cheibriados.
   221 | D        | Found a sacrificial altar of Ru.
   221 | D        | Found a glowing silver altar of Zin.
   221 | D        | Found a shadowy altar of Dithmenos.
   221 | D        | Found a white marble altar of Elyvilon.
   221 | D        | Noticed a yak
   223 | D        | Killed a yak
   223 | D        | Reached skill level 10 in Axes
   223 | D        | Reached XP level 7. HP: 82/82 MP: 6/6
   224 | D        | Found an opulent altar of Gozag.
   225 | D        | Found a sparkling altar of Nemelex Xobeh.
   230 | D        | Became a worshipper of Qazlal Stormbringer
   259 | D        | Noticed a kobold demonologist
   260 | D        | Noticed a chaos spawn
   260 | D        | Noticed a kobold demonologist
   263 | D        | Noticed a soul eater
   285 | D        | Paralysed by a giant eyeball for 4 turns
   289 | D        | Reached skill level 15 in Fighting
   292 | D        | Noticed a hellwing
   296 | D        | Killed a kobold demonologist
   313 | D        | Noticed an ice devil
   317 | D        | Killed a kobold demonologist
   317 | D        | Reached * piety under Qazlal
   317 | D        | Reached skill level 16 in Fighting
   317 | D        | Reached XP level 8. HP: 40/94 MP: 7/7
   543 | D        | Noticed a centaur warrior
   543 | D        | Noticed a centaur warrior
   568 | D        | Killed a centaur warrior
   568 | D        | Reached skill level 17 in Fighting
   574 | D        | Killed a centaur warrior
   574 | D        | Reached skill level 18 in Fighting
   574 | D        | Reached XP level 9. HP: 66/104 MP: 8/8
   665 | D        | Noticed Sonja
   680 | D        | Killed Sonja
   680 | D        | Reached ** piety under Qazlal
   680 | D        | Reached skill level 15 in Axes
   976 | D        | Killed a gargoyle
  1378 | D        | Noticed a deep troll
  1383 | D        | Killed a deep troll
  1619 | D        | Found Hyseopu's Armour Emporium.
  1627 | D        | Bought a +4 ring mail of magic resistance for 434 gold pieces
  1725 | D        | Bought a potion of heal wounds for 140 gold pieces
  1822 | D        | Noticed an oklob plant
  2189 | D        | Found Joafesala's Armour Boutique.
  2197 | D        | Bought a +0 pair of gloves for 49 gold pieces
  2197 | D        | Bought a +0 cloak for 49 gold pieces
  2251 | D        | Noticed a shining eye
  2251 | D        | Noticed a shining eye
  2251 | D        | Noticed a shining eye
  2251 | D        | Noticed a shining eye
  2251 | D        | Noticed a shining eye
  2251 | D        | Noticed a shining eye
  2252 | D        | Gained mutation: Armour fits poorly on your strangely shaped body. [a shining eye]
  2252 | D        | Paralysed by a giant eyeball for 4 turns
  2258 | D        | Reached skill level 19 in Fighting
  2260 | D        | Killed a shining eye
  2260 | D        | Reached XP level 10. HP: 115/115 MP: 9/9
  2260 | D        | Reached *** piety under Qazlal
  2261 | D        | Paralysed by a giant eyeball for 4 turns
  2269 | D        | Gained mutation: You expend magic power (3 MP) to strengthen your wands. [a shining eye]
  2274 | D        | Killed a shining eye
  2274 | D        | Gained mutation: You tend to lose your temper in combat. [a shining eye]
  2277 | D        | Gained mutation: Scrolls take you a little longer to read. [a shining eye]
  2281 | D        | Gained mutation: Scrolls take you longer to read. [a shining eye]
  2284 | D        | Killed a shining eye
  2284 | D        | Reached **** piety under Qazlal
  2284 | D        | Gained mutation: Your spells are a little easier to cast, but a little less powerful. [a shining eye]
  2285 | D        | Gained mutation: You often lose your temper in combat. [a shining eye]
  2286 | D        | Gained mutation: You are frail. (-10% HP) [a shining eye]
  2288 | D        | Gained mutation: You are very frail. (-20% HP) [a shining eye]
  2289 | D        | Killed a shining eye
  2289 | D        | Reached skill level 10 in Dodging
  2292 | D        | Killed a shining eye
  2294 | D        | Gained mutation: You occasionally shout uncontrollably at your foes. [a shining eye]
  2296 | D        | Gained mutation: You are dopey. (Int -2) [a shining eye]
  2298 | D        | Killed a shining eye
  2298 | D        | Reached skill level 20 in Fighting
  2309 | D        | Noticed a shining eye
  2309 | D        | Noticed a shining eye
  2309 | D        | Gained mutation: Scrolls take you much longer to read. [a shining eye]
  2312 | D        | Paralysed by a giant eyeball for 2 turns
  2313 | D        | Gained mutation: You are extremely frail. (-30% HP) [a shining eye]
  2320 | D        | Gained mutation: You have an uncontrollable temper. [a shining eye]
  2324 | D        | Killed a shining eye
  2324 | D        | Reached ***** piety under Qazlal
  2325 | D        | Gained mutation: You sometimes yell uncontrollably at your foes. [a shining eye]
  2327 | D        | Gained mutation: You frequently scream uncontrollably at your foes. [a shining eye]
  2328 | D        | Killed a shining eye
  2363 | D        | Found Qicij's Armour Shop.
  2363 | D        | Found Ara Uqel's Distillery.
  2363 | D        | Found Patrepn's Magic Scroll Boutique.
  2363 | D        | Found Fudiybia's Magic Scroll Emporium.
  2448 | D        | Bought an inky potion for 25 gold pieces
  2505 | D        | Reached XP level 11. HP: 42/88 MP: 10/10
  2883 | D        | Noticed a lindwurm
  2886 | D        | Killed a lindwurm
  2970 | D        | Reached ****** piety under Qazlal
  2977 | D        | Reached skill level 21 in Fighting
  3030 | D        | Noticed a 12-headed hydra
  3035 | D        | Paralysed by a giant eyeball for 4 turns
  3081 | D        | Killed a 12-headed hydra
  3081 | D        | Reached skill level 1 in Invocations
  3332 | D        | Noticed a deep elf annihilator
  3339 | D        | Killed a deep elf annihilator
  3508 | D        | Noticed a shadow dragon
  3508 | D        | Noticed a golden dragon
  3517 | D        | Mangled by a golden dragon

Vault maps used:
D:        dungeon_sprint_1

Skill      XL: |  1  2  3  4  5  6  7  8  9 10 11 |
---------------+----------------------------------+-----
Fighting       | 6 9 12 13 14 16 18 19 20 21 | 21.6
Axes           | 4 6 8 9 10 12 14 15 18 20 | 20.1
Dodging        | 1 2 3 4 6 8 11 13 | 13.1
Invocations    | 2 |  2.6
Armour         | |  3.6
Shields        | |  3.6
Evocations     | |  0.8

Action                   |  1- 3 |  4- 6 |  7- 9 | 10-12 || total
-------------------------+-------+-------+-------+-------++-------
Melee: War axe           |    18 |    14 |    67 |   127 ||   226
       Headbutt          |     3 |     4 |    18 |    43 ||    68
Invok: Upheaval          |       |       |       |     8 ||     8
Evoke: Wand              |       |       |       |     4 ||     4
  Use: Potion            |       |     1 |     5 |     5 ||    11
       Scroll            |       |       |     3 |     3 ||     6
  Eat: Meat ration       |       |       |     1 |       ||     1
       Bread ration      |       |       |     1 |       ||     1
       Chunk             |       |       |       |     2 ||     2
Armor: Scale mail        |     5 |     1 |    17 |       ||    23
       Ring mail         |       |       |     1 |    20 ||    21
Dodge: Dodged            |     4 |     4 |    29 |    42 ||    79
Block: Shield            |    10 |     8 |    29 |    86 ||   133
